 Dungeon Crawl Stone Soup version 0.29.1-2-gbd0b4ee654 (webtiles) character file.

Game seed: 16401119022854756146

324 MaxHasHax6295 the Chopper (level 6, -12/55 HPs)
             Began as a Minotaur Berserker on Nov 1, 2022.
             Was a Believer of Trog.
             Mangled by an ogre
             ... wielding a +0 giant club
              (22 damage)
             ... on level 4 of the Dungeon.
             The game lasted 00:05:56 (4647 turns).

MaxHasHax6295 the Chopper (Minotaur Berserker)      Turns: 4647, Time: 00:05:57

Health: -12/55     AC: 12    Str: 24    XL:     6   Next: 23%
Magic:  5/5        EV:  7    Int:  4    God:    Trog [**....]
Gold:   186        SH:  0    Dex:  9    Spells: 5/5 levels left

rFire   . . .      SeeInvis +   a - +0 hand axe
rCold   + . .      Faith    .   (no shield)
rNeg    . . .      Spirit   .   n - +0 plate armour
rPois   .          Reflect  .   (helmet restricted)
rElec   .          Harm     .   (no cloak)
rCorr   .          Rampage  .   (no gloves)
Will    .....                   (no boots)
Stlth   ..........              (no amulet)
HPRegen 0.18/turn               d - ring of see invisible
MPRegen 0.09/turn               i - ring of protection from cold

@: no status effects
A: horns 2, retaliatory headbutt
a: Renounce Religion, Berserk, Trog's Hand


You were on level 4 of the Dungeon.
You worshipped Trog.
Trog was pleased with you.
You visited 1 branch of the dungeon, and saw 4 of its levels.

You collected 186 gold pieces.

Inventory:

Hand Weapons
 a - a +0 hand axe (weapon)
Armour
 n - a +0 plate armour (worn)
Jewellery
 d - a ring of see invisible (left hand)
 i - a ring of protection from cold (right hand)
Scrolls
 c - a scroll of teleportation
 e - a scroll of vulnerability {unknown}
 g - 2 scrolls of magic mapping
 h - a scroll of identify
 j - a scroll of immolation {unknown}
 k - a scroll of enchant weapon {unknown}
 l - a scroll of amnesia {unknown}
 m - a scroll of torment {unknown}
Potions
 b - a potion of berserk rage
 f - a potion of lignification


   Skills:
 + Level 4.9 Fighting
 + Level 5.5 Axes
 + Level 4.5 Armour
 + Level 3.5 Dodging
 + Level 1.2 Stealth


You had 5 spell levels left.
You didn't know any spells.
Your spell library was empty.

Dungeon Overview and Level Annotations

Branches:
Dungeon (4/15)
 Temple: D:4-7

Altars:
Elyvilon
Qazlal


Innate Abilities, Weirdness & Mutations

You have a pair of horns on your head.
You reflexively headbutt those who attack you in melee.


Message History

You start resting.
You feel a strong urge to attack something.
You start resting.
You are no longer berserk.
You are exhausted.
You feel yourself slow down.
You start resting.
HP restored.
You start waiting.
You feel yourself speed up.
You see here a hound corpse.
You now have 179 gold pieces (gained 10).
h - a scroll of identify You recover from your berserk rage.
Found a ring mail.
Found a stone staircase leading down.
g - 2 scrolls of magic mapping (gained 1)
You now have 186 gold pieces (gained 7).
An ogre comes into view. It is wielding a +0 giant club.
The ogre shouts!
The ogre hits you with a +0 giant club!
You hit the ogre.
The ogre is lightly wounded.
You barely miss the ogre.
The ogre is lightly wounded.
The ogre hits you with a +0 giant club!!
You are too injured to fight recklessly!
You are too injured to fight recklessly!
You are too injured to fight recklessly!
You are too injured to fight recklessly!
You hit the ogre but do no damage.
The ogre is lightly wounded.
The ogre hits you with a +0 giant club!
* * * LOW HITPOINT WARNING * * *
You hit the ogre but do no damage.
The ogre is lightly wounded.
You barely miss the ogre. Your headbutt misses the ogre.
The ogre is lightly wounded.
The ogre hits you with a +0 giant club!!
You die...

.. .........# #.#
###
##.###...###.#######
######
#..................#
......
##.##...###...#####.
###. #...# #.......>
# #...# #...##### #
# ######...# #####
###.##
........###...###
......
.........@O......
....##
.#####..#.......#
...... #..........#
##.... ....#........
# #.##
########...### # .#
...# # # ####


You could see an ogre.

Vanquished Creatures
  An ogre (D:4)
  2 hounds (D:4)
  An orc wizard (D:4)
  3 gnolls (D:4)
  3 adders
  A worm (D:3)
  7 dart slugs
  9 orcs
  6 ball pythons
  12 bats
  3 endoplasms
  A giant cockroach (D:3)
  7 goblins
  4 hobgoblins
  6 kobolds
  2 quokkas (D:1)
  3 frilled lizards
  4 rats
75 creatures vanquished.

Vanquished Creatures (others)
  A kraken (D:1)
  A demonspawn (D:1)
  A merfolk (D:1)
  A human (D:1)
  A dwarf (D:1)
  A tengu (D:1)
  A felid (D:1)
  A mummy (D:1)
  5 tentacles (D:1)
13 creatures vanquished.

Grand Total: 88 creatures vanquished

Notes
Turn   | Place    | Note
-------+----------+-------------------------------------------
     0 | D:1      | MaxHasHax6295 the Minotaur Berserker began the quest for
                  | the Orb.
     0 | D:1      | Reached XP level 1. HP: 19/19 MP: 0/0
     3 | D:1      | Noticed a human
     3 | D:1      | Noticed a tengu
     3 | D:1      | Noticed a demonspawn
     3 | D:1      | Noticed a ghoul
     3 | D:1      | Noticed a demonspawn
     3 | D:1      | Noticed a dwarf
     3 | D:1      | Noticed a kraken
     3 | D:1      | Noticed a ghoul
     3 | D:1      | Noticed a felid
     3 | D:1      | Noticed a felid
     3 | D:1      | Noticed a dwarf
     3 | D:1      | Noticed a vampire
     3 | D:1      | Noticed a merfolk
     3 | D:1      | Noticed a merfolk
     3 | D:1      | Noticed a human
     5 | D:1      | Killed a felid
     6 | D:1      | Killed a dwarf
     7 | D:1      | Killed a tengu
     8 | D:1      | Killed a merfolk
     9 | D:1      | Killed a demonspawn
    10 | D:1      | Killed a human
    10 | D:1      | Killed a kraken
   251 | D:1      | Reached XP level 2. HP: 25/27 MP: 1/1
   327 | D:1      | Reached skill level 4 in Axes
  1062 | D:1      | Reached XP level 3. HP: 26/34 MP: 2/2
  1480 | D:2      | Reached ** piety under Trog
  2071 | D:2      | Reached XP level 4. HP: 41/41 MP: 3/3
  2144 | D:3      | Found a white marble altar of Elyvilon.
  2671 | D:3      | Found a faded altar of an unknown god.
  2678 | D:3      | Identified the +1 rapier of Valiance {venom, rC++}
  3105 | D:3      | Found a stormy altar of Qazlal.
  4007 | D:4      | Reached skill level 1 in Stealth
  4007 | D:4      | Reached XP level 5. HP: 29/47 MP: 4/4
  4369 | D:4      | Reached skill level 5 in Axes
  4562 | D:4      | Noticed an ogre
  4570 | D:4      | Killed an ogre
  4571 | D:4      | Reached XP level 6. HP: 55/55 MP: 5/5
  4647 | D:4      | Mangled by an ogre

Illustrated notes

Levels and vault maps discovered:
D:1:      nicolae_arrival_kraken_aquarium_b, layout_basic
D:2:      layout_loops_cross
D:3:      layout_basic, mainiacjoe_overflow_24_doors,
          mainiacjoe_overflow_alcove_4, hellmonk_ecumenical_altar_zigzags
D:4:      layout_loops_ring, trog_three_pillars_becter,
          mainiacjoe_overflow_two_lobes, corexii_hall_statues_u,
          eino_small_chamber_without_monster, minmay_misc_feat_plants

Skill      XL: |  1  2  3  4  5 |
---------------+----------------+-----
Fighting       | 4 |  4.9
Axes           | 4 5 |  5.5
Dodging        | 3 |  3.5
Armour         | 3 4 |  4.5
Stealth        | 1 |  1.2

Action                   |  1- 3 |  4- 6 || total
-------------------------+-------+-------++-------
Melee: Hand axe          |    85 |    50 ||   135
       Headbutt          |     9 |     8 ||    17
       Rapier            |       |    20 ||    20
       Punch             |       |     1 ||     1
Invok: Berserk           |       |     3 ||     3
  Use: Scroll            |     4 |       ||     4
Armor: Animal skin       |    21 |       ||    21
       Chain mail        |     5 |    32 ||    37
       Plate armour      |       |     1 ||     1
Dodge: Dodged            |    65 |    31 ||    96
